 Dungeon Crawl Stone Soup version 0.32-a0-314-g526f7d4993 (webtiles) character file.

Game seed: 11256538143618964806

56945 adozu the Bludgeoner (level 14, -1/124 HPs)
             Began as a Hill Orc Fighter on Feb 9, 2024.
             Was the Champion of Beogh.
             Slain by a sun demon (18 damage)
             ... summoned by an orc high priest
             ... on level 2 of the Orcish Mines on Feb 15, 2024.
             The game lasted 00:44:12 (17445 turns).

adozu the Bludgeoner (Hill Orc Fighter)            Turns: 17445, Time: 00:44:13

Health: -1/124     AC: 11    Str: 24    XL:     14   Next: 84%
Magic:  1/20       EV: 11    Int:  8    God:    Beogh [******]
Gold:   3015       SH: 12    Dex: 10    Spells: 13/13 levels left

rFire   + . .        l - +7 whip of Doowit {heavy, *Corrode +Blink rC++}
rCold   + + .        a - +1 kite shield of Ignis, Witching {rF+}
rNeg    . . .        K - +0 plate armour
rPois   .            N - +0 helmet {SInv}
rElec   .            g - +2 cloak
rCorr   .            c - +3 Mad Mage's Maulers {Infuse+∞ VampMP -Cast}
SInv    +            q - +2 pair of slick slippers {slick, slippery, EV+4}
Will    ++...        i - amulet of magic regeneration Stlth
                     b - ring of willpower
HPRegen 0.40/turn    G - +4 ring of protection
MPRegen 0.57/turn

%: no spellcasting, corrode self (3%), infuse magic (1 MP)
@: corroded
A: walk on water
a: Renounce Religion, Evoke Blink, Smiting, Blood for Blood


You were on level 2 of the Orcish Mines.
You worshipped Beogh.
Beogh was exalted by your worship.
You visited 3 branches of the dungeon, and saw 18 of its levels.
You also visited: Sewer and Gauntlet.

You collected 3015 gold pieces.

Inventory:

Hand Weapons
 l - the +7 whip of Doowit (weapon) {heavy, *Corrode +Blink rC++}
   (You found it on level 2 of the Dungeon)

   rC++:      It greatly protects you from cold.
   +Blink:    It lets you blink.
   *Corrode:  It may corrode you when you take damage.
Armour
 a - the +1 kite shield of Ignis, Witching (worn) {rF+}
   (You acquired it on level 3 of the Dungeon)

   rF+:       It protects you from fire.
 c - the +3 Mad Mage's Maulers (worn) {Infuse+∞ VampMP -Cast}
   (You acquired it on level 3 of the Dungeon)

   Infuse+∞: It empowers its wearer's blows with all of their magic.
   VampMP:    Blows struck in melee replenish the wearer's magic.
   -Cast:     It prevents spellcasting.
 g - a +2 cloak (worn)
 q - the +2 pair of slick slippers (worn) {slick, slippery, EV+4}
   (You acquired it on level 3 of the Dungeon)

   Slick:     Its wearer cannot be constricted, engulfed, netted or webbed.
   Slippery:  Its wearer slips away from damaging melee attacks, pulling the
   attacker onward.
   EV+4:      It affects your evasion (+4).
 K - a +0 plate armour (worn)
 N - a +0 helmet of see invisible (worn)
Magical Staves
 n - the staff of Lahiun Xieck {rPois rN+ Will- Dex+3 Necro}
   (You found it on level 2 of the Dungeon)

   [staff of death]

   Base accuracy: +5 Base damage: 5 Base attack delay: 1.2 This weapon's minimum
   attack delay (0.6) is reached at skill level 12.
   Dex+3:     It affects your dexterity (+3).
   rPois:     It protects you from poison rN+: It protects you from negative
   energy.
   Will-:     It decreases your willpower.
   Necro:     It increases the power of your Necromancy spells.
   It falls into the 'Staves' category.
   It is a one-handed weapon.
Jewellery
 b - a ring of willpower (left hand)
 i - an amulet of magic regeneration (around neck)
 j - a ring of poison resistance
 k - a ring of willpower
 v - a +6 ring of strength
 G - a +4 ring of protection (right hand)
Wands
 o - a wand of charming (60)
 w - a wand of mindburst (23)
 y - a wand of light (4)
 D - a wand of roots (25)
 L - a wand of polymorph (4)
Scrolls
 h - 2 scrolls of blinking
 u - 7 scrolls of revelation
 E - 3 scrolls of amnesia
 F - 2 scrolls of silence
 I - a scroll of vulnerability
 J - 4 scrolls of teleportation
 P - a scroll of immolation
 Q - 3 scrolls of identify
 R - a scroll of enchant armour
Potions
 d - 5 potions of might
 e - 7 potions of curing
 f - 5 potions of heal wounds
 m - 4 potions of invisibility
 p - 2 potions of mutation
 r - a potion of magic {unknown}
 s - a potion of resistance {unknown}
 t - a potion of brilliance {unknown}
 x - a potion of enlightenment {unknown}
 H - a potion of lignification {unknown}
 O - 2 potions of attraction
Miscellaneous
 z - a phantom mirror
 A - a phial of floods
 B - a condenser vane
 M - a lightning rod (2/4) (quivered)


   Skills:
 - Level 11.0 Fighting
 - Level 4.9(13.4) Axes
 + Level 16.3(16.5) Maces & Flails
 - Level 13.0 Armour
 - Level 3.0 Dodging
 - Level 11.0 Shields
 - Level 9.0 Invocations
 - Level 9.0 Evocations


You had 13 spell levels left.
You didn't know any spells.
Your spell library contained the following spells:

 Spells                   Type           Power      Damage    Failure   Level
 Apportation              Tloc           0%         N/A       100%        1
 Necrotise                Necr           0%         1d4       100%        1
 Sting                    Conj/Alch      0%         1d3       100%        1
 Summon Small Mammal      Summ           0%         N/A       100%        1
 Blink                    Tloc           0%         N/A       100%        2
 Jinxbite                 Hex            0%         N/A       100%        2
 Lesser Beckoning         Tloc           0%         N/A       100%        2
 Momentum Strike          Conj/Tloc      0%         3d8       100%        2
 Dazzling Flash           Conj/Hex       0%         N/A       100%        3
 Frozen Ramparts          Ice            0%         1d1       100%        3
 Mephitic Cloud           Conj/Alch/Air  0%         N/A       100%        3
 Tukima's Dance           Hex            0%         N/A       100%        3
 Vampiric Draining        Necr           0%         2d6       100%        3
 Brom's Barrelling Bould  Conj/Erth      0%         2d3       100%        4
 Dimensional Bullseye     Hex/Tloc       0%         N/A       100%        4
 Iskenderun's Mystic Bla  Conj/Tloc      0%         2d3       100%        4
 Leda's Liquefaction      Alch/Erth      0%         N/A       100%        4
 Martyr's Knell           Necr/Summ      0%         N/A       100%        4
 Petrify                  Alch/Erth      0%         N/A       100%        4
 Vhi's Electric Charge    Tloc/Air       0%         N/A       100%        4
 Alistair's Intoxication  Alch           0%         N/A       100%        5
 Arcjolt                  Conj/Air       0%         1d10      100%        5
 Curse of Agony           Necr           0%         N/A       100%        5
 Fireball                 Conj/Fire      0%         3d3       100%        5
 Iskenderun's Battlesphe  Conj           0%         2d6       100%        5
 Metabolic Englaciation   Hex/Ice        0%         N/A       100%        5
 Silence                  Hex/Air        0%         N/A       100%        5
 Conjure Ball Lightning   Conj/Air       0%         3x3d6     100%        6
 Orb of Destruction       Conj           0%         9d5       100%        7
 Maxwell's Capacitive Co  Air            0%         ∞         100%        8


Dungeon Overview and Level Annotations

Branches:
Dungeon (11/15)            Temple (0/1) D:4            Lair (5/5) D:10
  Swamp (0/4) Lair:3        Snake (0/4) Lair:2        Slime (0/5) Lair:5
    Orc (2/2) D:11          Sewer (visited)         Gauntlet (visited)
    Elf: Orc:2

Altars:
Makhleb
Qazlal
Uskayaw
Vehumet
Wu Jian
Xom
Yredelemnul

Shops:
D:7 [   D:8 [   D:9 :   Orc:2 (*


Message History

The orc high priest is almost dead.
The orc high priest calls upon Beogh to heal the orc warrior.
The orc warrior is healed somewhat.
You hit the orc high priest but do no damage.
The orc high priest is almost dead.
You hit the orc high priest.
The orc high priest is almost dead.
You block the sun demon's attack.
The orc high priest hits you but does no damage.
Unknown command.
You hit the orc high priest but do no damage.
The orc high priest is almost dead.
The sun demon hits you!
You are engulfed in flames!
You resist. You block the orc high priest's attack.
Unknown command.
You hit the orc high priest but do no damage.
The orc high priest is almost dead.
The sun demon hits you but does no damage.
The smoke demon gestures at you. Beogh smites you!
* * * LOW HITPOINT WARNING * * *
The orc high priest hits you but does no damage.
You closely miss the orc high priest.
The orc high priest is almost dead.
You block the sun demon's attack.
The smoke demon hits the fungus!
The fungus begins to die.
The smoke demon hits the fungus. x2
The orc high priest closely misses you.
Unknown command.
You hit the orc high priest but do no damage.
The orc high priest is almost dead.
You block the sun demon's attack.
The smoke demon hits the fungus!
The smoke demon hits the fungus. x2
The orc high priest mumbles some strange prayers to Beogh against you.
Beogh smites you!
* * * LOW HITPOINT WARNING * * *
You hit the orc high priest but do no damage.
The orc high priest is almost dead.
The sun demon hits you!!
You die...
Beogh appreciates the sun demon's killing of a heretic priest.

.......
........P.....#
#............P##
##..........P...#
##..........ß....#
......PP...∩.P.P.#
##............PP.#
## #..........33@#
.####..P......oo##
#..##..........4#
....#.......).###
#...$...#...###
.##.#........#
.....#......##
....o#.#..###
.........## ##


You could see an orc high priest, a sun demon (summoned), a smoke demon
(summoned), a chaos spawn (summoned) and an orc warrior.

Vanquished Creatures
  A minotaur (Gauntlet)
  5 hydras
  A boulder beetle (D:11)
  The ghost of Vugu the Unseen, a journeyman SpDe of Jiyva (Lair:1)
  2 two-headed ogres (D:10)
  4 death yaks (Lair:5)
  2 skysharks (Lair:5)
  Amaemon (Lair:2)
  A fire crab (Gauntlet)
  Pikel (D:4)
  An arcanist (Gauntlet)
  A necromancer (Gauntlet)
  An orc knight (Orc:1)
  2 orc sorcerers
  2 elephants (Lair:2)
  6 kobold blastminers
  Joseph (D:8)
  A black mamba (Lair:3)
  A gargoyle (D:11)
  2 torpor snails
  12 cane toads
  An unseen horror (D:8)
  An efreet (D:8)
  8 komodo dragons
  Psyche (D:9)
  4 rime drakes
  2 trolls
  Grinder (D:4)
  3 polar bears
  2 tyrant leeches (Lair:5)
  10 blink frogs
  5 dream sheep (Lair:3)
  A yak (shapeshifter) (D:8)
  A shadow (D:8)
  3 wyverns
  44 yaks
  4 fire bats (Gauntlet)
  3 basilisks
  2 wraiths
  2 wargs (Orc:2)
  2 steam dragons
  4 vampire mosquitoes (Lair:5)
  2 nagas (Lair:2)
  3 acid dragons
  3 hell hounds (Gauntlet)
  17 water moccasins
  2 black bears
  4 orc warriors
  An ice beast (D:6)
  6 ogres
  19 wolves
  5 centaurs
  A phantom (D:7)
  5 kobold brigands
  A lemure (D:4)
  The ghost of iamserjio the Firebug, an amateur TeFE (D:3)
  14 bullfrogs
  A scorpion (D:7)
  10 wights
  17 killer bees
  2 howler monkeys
  2 orc priests
  3 hounds
  A jelly (D:5)
  Crazy Yiuf (D:4)
  3 iguanas
  A sleepcap (D:8)
  8 orc wizards
  Robin (D:2)
  8 adders
  17 gnolls
  2 river rats (Sewer)
  A shadow imp (D:6)
  A white imp (Gauntlet)
  2 ufetubi (D:6)
  4 ribbon worms
  4 dart slugs
  15 orcs
  14 ball pythons
  3 endoplasms
  3 giant cockroaches
  13 goblins
  12 hobgoblins
  3 jackals (D:3)
  31 kobolds
  3 quokkas
  5 bats
  8 frilled lizards
  28 rats
464 creatures vanquished.

Vanquished Creatures (collateral kills)
  A hydra (Lair:1)
  2 boulder beetles
  2 two-headed ogres
  2 death yaks (Lair:5)
  2 skysharks (Lair:5)
  2 elephants
  An orange demon (Lair:2)
  8 cane toads
  3 komodo dragons
  4 blink frogs (Lair:5)
  A troll (D:10)
  A dream sheep (Lair:1)
  6 yaks
  A basilisk (Lair:1)
  A vampire mosquito (Lair:5)
  2 wyverns
  3 water moccasins
  An orc warrior (D:9)
  A black bear (Lair:2)
  4 wolves
  A kobold brigand (D:7)
  4 bullfrogs
  A wight (D:9)
  2 killer bees
  2 electric eels (Lair:5)
  An orc (D:9)
  5 kobolds
64 creatures vanquished.

Vanquished Creatures (others)
  An orc sorcerer (Lair:2)
  An orc high priest (Lair:5)
  2 orc knights
  4 orc priests
  3 orc warriors
  3 orc wizards (Lair:4)
  7 orcs
21 creatures vanquished.

Grand Total: 549 creatures vanquished

Notes
Turn   | Place    | Note
-------+----------+-------------------------------------------
     0 | D:1      | adozu the Hill Orc Fighter began the quest for the Orb.
     0 | D:1      | Reached XP level 1. HP: 19/19 MP: 1/1
    78 | D:1      | Reached XP level 2. HP: 26/27 MP: 2/2
   424 | D:1      | Reached XP level 3. HP: 33/33 MP: 3/3
  1003 | D:2      | Identified the +7 whip of Doowit {heavy, *Corrode +Blink
                  | rC++}
  1191 | D:2      | Noticed Robin
  1204 | D:2      | Reached skill level 1 in Maces & Flails
  1207 | D:2      | Killed Robin
  1208 | D:2      | Reached XP level 4. HP: 32/40 MP: 4/4
  1228 | D:2      | Reached skill level 2 in Maces & Flails
  1391 | D:2      | Identified the staff of Lahiun Xieck {rPois rN+ Will- Dex+3
                  | Necro}
  1987 | D:3      | Found a faded altar of an unknown god.
  1998 | D:3      | Reached skill level 3 in Maces & Flails
  1998 | D:3      | Reached XP level 5. HP: 44/46 MP: 5/5
  2367 | D:3      | Found a runed translucent door.
  2367 | D:3      | Noticed iamserjio's ghost (amateur TeFE)
  2565 | D:3      | Killed iamserjio's ghost
  2566 | D:3      | Reached skill level 4 in Maces & Flails
  2580 | D:3      | Identified 4 scrolls of acquirement
  2580 | D:3      | Acquired the +2 pair of slick slippers {slick, slippery,
                  | EV+4}
  2580 | D:3      | Found the +2 pair of slick slippers {slick, slippery, EV+4}
  2631 | D:3      | Acquired 770 gold pieces
  2636 | D:3      | Acquired the +1 kite shield of Ignis, Witching {rF+}
  2649 | D:3      | Acquired the +3 Mad Mage's Maulers {Infuse+∞ VampMP -Cast}
  2649 | D:3      | Found the +3 Mad Mage's Maulers {Infuse+∞ VampMP -Cast}
  2753 | D:4      | Found a staircase to the Ecumenical Temple.
  2763 | D:4      | Noticed Grinder
  2778 | D:4      | Killed Grinder
  2779 | D:4      | Reached skill level 6 in Maces & Flails
  2779 | D:4      | Reached XP level 6. HP: 25/52 MP: 2/6
  3081 | D:4      | Found a runed translucent door.
  3084 | D:4      | Noticed Crazy Yiuf
  3088 | D:4      | Identified the +6 hammer "Quarphol" {venom, *Corrode rC+
                  | Dex+2 SInv}
  3109 | D:4      | Killed Crazy Yiuf
  3110 | D:4      | Reached XP level 7. HP: 59/59 MP: 1/7
  3224 | D:4      | Reached skill level 7 in Maces & Flails
  3370 | D:4      | Noticed Pikel
  3391 | D:4      | Killed Pikel
  3392 | D:4      | Reached skill level 8 in Maces & Flails
  3392 | D:4      | Reached skill level 9 in Maces & Flails
  3392 | D:4      | Reached XP level 8. HP: 50/66 MP: 1/8
  3957 | D:5      | Entered Level 5 of the Dungeon
  4019 | D:5      | Became a worshipper of Beogh the Shepherd
  4093 | D:5      | Found a glowing drain.
  4097 | Sewer    | Entered a sewer
  4297 | Sewer    | Reached * piety under Beogh
  4465 | Sewer    | Reached ** piety under Beogh
  4929 | D:5      | Reached XP level 9. HP: 71/73 MP: 2/9
  4930 | D:5      | Reached skill level 5 in Fighting
  5055 | D:6      | Reached skill level 10 in Maces & Flails
  5055 | D:6      | Reached skill level 5 in Shields
  5333 | D:6      | Reached skill level 5 in Armour
  5509 | D:6      | You fall into a shaft and drop 2 floors!
  5681 | D:8      | Identified the amulet "Ifal" {Spirit ^Drain rElec rF++
                  | Dex-5}
  5681 | D:8      | Noticed an efreet
  5697 | D:8      | Killed an efreet
  5718 | D:8      | Reached XP level 10. HP: 54/84 MP: 0/10
  5725 | D:8      | Identified the staff of the Real Monster {Fly rPois rC-
                  | Earth Alchemy}
  5841 | D:8      | Reached *** piety under Beogh
  6023 | D:8      | Noticed Joseph
  6033 | D:8      | Killed Joseph
  6085 | D:8      | Reached skill level 1 in Dodging
  6215 | D:8      | Reached skill level 11 in Maces & Flails
  6873 | D:7      | Found an ornate altar of the Wu Jian Council.
  7230 | D:7      | Found Oru Baoz's Antique Armour Shoppe.
  7568 | D:8      | Killed an unseen horror
  7670 | D:8      | Found Lafyoce's Antique Armour Shop.
  7847 | D:9      | Found Raxuschou's Tiny Tomes.
  7882 | D:9      | Noticed a two-headed ogre
  7892 | D:9      | Killed a two-headed ogre
  7893 | D:9      | Reached XP level 11. HP: 92/92 MP: 1/11
  8166 | D:9      | Found a stormy altar of Qazlal.
  8168 | D:9      | Found a hide-covered altar of Uskayaw.
  8171 | D:9      | Found a shimmering altar of Xom.
  8174 | D:9      | Found a basalt altar of Yredelemnul.
  8264 | D:9      | Noticed Psyche
  8270 | D:9      | Killed Psyche
  8366 | D:10     | Entered Level 10 of the Dungeon
  8372 | D:10     | Noticed a two-headed ogre
  8378 | D:10     | Killed a two-headed ogre
  8379 | D:10     | Reached skill level 12 in Maces & Flails
  8419 | D:10     | Noticed a two-headed ogre
  8422 | D:10     | Reached **** piety under Beogh
  8431 | D:10     | Killed a two-headed ogre
  8458 | D:10     | Anointed Warrok the as your apostle
  8721 | D:10     | Noticed a two-headed ogre
  8727 | D:10     | Killed a two-headed ogre
  8728 | D:10     | Reached skill level 10 in Armour
  8909 | D:10     | Found a staircase to the Lair.
  8924 | Lair:1   | Entered Level 1 of the Lair of Beasts
  8995 | Lair:1   | Identified the +1 whip of Blind Justice {freeze, Str+3}
  9034 | Lair:1   | Found a transporter.
  9045 | Lair:1   | Noticed a seven-headed hydra
  9047 | Lair:1   | Noticed Vugu's ghost (journeyman SpDe)
  9049 | Lair:1   | Reached skill level 1 in Invocations
  9053 | Lair:1   | Reached skill level 1 in Evocations
  9068 | Lair:1   | Found a transporter.
  9071 | Lair:1   | Killed a seven-headed hydra
  9074 | Lair:1   | Reached XP level 12. HP: 77/100 MP: 5/15
  9088 | Lair:1   | Reached skill level 5 in Invocations
  9094 | Lair:1   | Killed Vugu's ghost
  9642 | Lair:1   | Found a stormy altar of Qazlal.
  9822 | Lair:2   | Noticed Amaemon
  9837 | Lair:2   | Reached skill level 5 in Evocations
  9839 | Lair:2   | Killed Amaemon
  9878 | Lair:2   | Found a gate leading to a gauntlet.
  9889 | Gauntlet | Entered a Gauntlet
  9889 | Gauntlet | Found a transporter.
  9889 | Gauntlet | Found a transporter.
  9893 | Gauntlet | Found a transporter.
  9894 | Gauntlet | Found a transporter.
  9897 | Gauntlet | Found a transporter.
  9897 | Gauntlet | Found a transporter.
  9970 | Gauntlet | Found a transporter.
  9971 | Gauntlet | Found a transporter.
  9975 | Gauntlet | Found a runed translucent door.
  9977 | Gauntlet | Found a runed translucent door.
  9979 | Gauntlet | Found a transporter.
  9994 | Gauntlet | Found a runed translucent gate.
  9995 | Gauntlet | Found a transporter.
  9995 | Gauntlet | Found a runed translucent gate.
  9996 | Gauntlet | Found a runed translucent gate.
  9997 | Gauntlet | Found the +8 longbow "Zephyr" {speed, Dex+3 SInv}
 10009 | Gauntlet | Found a transporter.
 10013 | Gauntlet | Found a transporter.
 10187 | Gauntlet | Reached ***** piety under Beogh
 10474 | Gauntlet | Noticed a minotaur
 10479 | Gauntlet | Killed a minotaur
 10782 | Lair:2   | Reached skill level 13 in Maces & Flails
 10822 | Lair:2   | Reached XP level 13. HP: 86/107 MP: 4/18
 10952 | Lair:2   | Reached skill level 10 in Shields
 11011 | Lair:2   | Found a staircase to the Snake Pit.
 11027 | Lair:2   | Your ally Warrok died
 12649 | Lair:3   | Found a burning altar of Makhleb.
 12992 | Lair:3   | Found a staircase to the Swamp.
 13444 | Lair:4   | Reached skill level 14 in Maces & Flails
 13697 | Lair:4   | Found a hide-covered altar of Uskayaw.
 13698 | Lair:4   | Found an ornate altar of the Wu Jian Council.
 13768 | Lair:4   | Anointed Boghold the as your apostle
 14280 | Lair:5   | Entered Level 5 of the Lair of Beasts
 14350 | Lair:5   | Reached XP level 14. HP: 67/118 MP: 2/19
 14395 | Lair:5   | Anointed Gorbash the as your apostle
 14410 | Lair:5   | Your ally Gorbash died
 14416 | Lair:5   | Reached ****** piety under Beogh
 14826 | Lair:5   | Reached skill level 15 in Maces & Flails
 14905 | Lair:5   | Your ally Boghold died
 15077 | Lair:5   | Reached skill level 10 in Fighting
 15359 | Lair:5   | Found a staircase to the Slime Pits.
 15923 | Lair:5   | Upgraded the game from 0.32-a0-132-g2d33c3cfaf to
                  | 0.32-a0-314-g526f7d4993
 16219 | D:11     | Found a staircase to the Orcish Mines.
 16322 | Orc:1    | Entered Level 1 of the Orcish Mines
 16425 | Orc:1    | Reached skill level 16 in Maces & Flails
 16799 | Orc:1    | Found a radiant altar of Vehumet.
 17053 | Orc:2    | Entered Level 2 of the Orcish Mines
 17204 | Orc:2    | Found Juc Zoic's Antique Weapon Boutique.
 17410 | Orc:2    | Found Jorch's General Store.
 17445 | Orc:2    | Slain by a sun demon

Illustrated notes

Levels and vault maps discovered:
D:1:      dpeg_arrival_radiant, layout_loops_ring, minmay_misc_feat_rows,
          wander_ebering_terrifying_dragon_lair
D:2:      layout_loops_ring, uniq_robin
D:3:      layout_loops_ring, gammafunk_ghost_grave,
          shapermc_ecumenical_altar_notcrosses, roderic_roman_lattice
D:4:      layout_gridville, minmay_temple_entry_drinking_statues, minivault_19,
          nicolae_figureground_sparkle, uniq_pikel, uniq_crazy_yiuf_cottage,
          uniq_grinder
D:5:      layout_rooms, mainiacjoe_sewer_entry_somewhere_in_here_2
D:6:      layout_basic, corexii_item_surrounded_by_moat
D:7:      layout_gridville, pdpol_wu_jian_five_deadly_venoms, serial_shops,
          nicolae_shop_peninsula
D:8:      minmay_the_grid_plus_closed [minmay_the_grid_minigrid_small_alt,
          minmay_the_grid_stretched_grid, minmay_the_grid_dragon_a,
          minmay_the_grid_expand, minmay_the_grid_prize_diamond_cup],
          layout_rooms, serial_shops, kennysheep_little_box, uniq_joseph
D:9:      layout_long_grid, nicolae_overflow_macrodata_refinement,
          nicolae_shop_i_like_small_books_too, corexii_hall_statues_l,
          uniq_psyche
D:10:     layout_rooms, david_lair_shrubbed
D:11:     layout_rooms, orc_0_dummy, serial_co_window_serial, co_window_paths_b,
          co_window_corner_a, co_window_corner_a, co_window_paths_b,
          co_window_paths_a, co_window_corner_b, co_window_corner_b,
          co_window_unsneaky_path_c, co_window_of_opportunity_b,
          co_window_paths_c, co_window_2corner, co_window_corner_b,
          co_window_paths_d, glass_columns_c, glass_columns_b, glass_columns_a,
          glass_columns_b, glass_columns_a, grunt_ministairs_15,
          hangedman_incinerator, uniq_sonja
Lair:1:   statuecave_lemuel, layout_regular_city, basic_altar, nzn_ghost_randoct
Lair:2:   layout_cave_pods, guppyfry_snake_entry_garden, gauntlet_entry_generic,
          grunt_megastairs_3, uniq_amaemon
Lair:3:   layout_layer_cave, swamp_mist, basic_altar
Lair:4:   layout_roguey, nzn_masters_of_martial_movement, serial_bayou_shore_b,
          grunt_megastairs_2, infiniplex_staircase_pool
Lair:5:   minmay_lair_end_frog_pond, layout_regular_city, slime_entry_1
Orc:1:    layout_diamond_mine, basic_altar
Orc:2:    grunt_orc_gardens, layout_caves, grunt_orc_garden, grunt_orc_garden,
          grunt_orc_garden, grunt_orc_garden

Skill      XL: |  1  2  3  4  5  6  7  8  9 10 11 12 13 14 |
---------------+-------------------------------------------+-----
Fighting       | 4 6 7 9 11 | 11.0
Axes           | 3 4 |  4.9
Maces & Flails | 1 3 6 9 10 11 12 13 14 16 | 16.3
Armour         | 4 6 8 11 13 | 13.0
Shields        | 4 7 9 11 | 11.0
Dodging        | 2 3 |  3.0
Invocations    | 4 7 9 |  9.0
Evocations     | 3 7 9 |  9.0

Action                     |  1- 3 |  4- 6 |  7- 9 | 10-12 | 13-15 || total
---------------------------+-------+-------+-------+-------+-------++-------
  Melee: War axe           |    79 |       |       |       |       ||    79
         Whip              |    18 |    94 |   246 |   336 |   538 ||  1232
 Invoke: Convert to Beogh  |       |       |     1 |       |       ||     1
         Recall Apostles   |       |       |       |     2 |     3 ||     5
  Evoke: Lightning rod     |       |       |       |     4 |     3 ||     7
    Use: Scroll            |       |    12 |     2 |    10 |     4 ||    28
         Potion            |       |       |     3 |     3 |       ||     6
   Stab: Distracted        |       |       |       |       |     2 ||     2
         Paralysed         |       |       |       |       |     1 ||     1
 Armour: Scale mail        |    85 |    65 |   134 |    81 |       ||   365
         Plate armour      |       |       |       |   166 |   454 ||   620
  Dodge: Dodged            |    40 |    45 |   132 |   152 |   263 ||   632
  Block: Buckler           |    25 |    23 |       |       |       ||    48
         Kite shield       |       |     5 |   132 |   241 |   375 ||   753

Table legend: (Time is in decaauts)
 A = Elapsed time spent in this place.
 B = Non-inter-level travel time spent in this place.
 C = Inter-level travel time spent in this place.
 D = Time resting spent in this place.
 E = Time spent auto-exploring this place.
 F = Levels seen in this place.
 G = Mean time per level.
                   A        B        C        D        E       F      G
               +--------+--------+--------+--------+--------+-----+--------+
         Total |  17406 |  16906 |    500 |    289 |  12720 |  20 |  870.3 |
       Dungeon |   8786 |   8557 |    229 |     69 |   6589 |  11 |  798.7 |
          Lair |   6333 |   6114 |    219 |     71 |   4753 |   5 | 1266.6 |
  Orcish Mines |   1105 |   1054 |     51 |      0 |    859 |   2 |  552.5 |
         Sewer |    510 |    510 |      0 |      0 |    283 |   1 |  510.0 |
      Gauntlet |    671 |    671 |      0 |    149 |    234 |   1 |  671.0 |
               +--------+--------+--------+--------+--------+-----+--------+

Top non-repeatable levels by time:
  Lair:5: 1637 daAuts
  Lair:3: 1508 daAuts
     D:4: 1293 daAuts
  Lair:2: 1269 daAuts
     D:8: 1093 daAuts
  Lair:4: 979 daAuts
     D:3: 972 daAuts
     D:7: 971 daAuts
     D:2: 958 daAuts
  Lair:1: 938 daAuts
     D:1: 821 daAuts
   Orc:1: 779 daAuts
    D:10: 693 daAuts
Gauntlet: 671 daAuts
     D:9: 629 daAuts
